[Event "December 12 Early 2023"]
[Site "https://www.chess.com"]
[Date "2023.12.12"]
[Round "5"]
[White "Adla, Diego"]
[Black "Ashraf, Artin"]
[Result "0-1"]
[Board "29"]
[TimeControl "180+1"]
[WhiteFideId "100072"]
[BlackFideId "22514805"]
[WhiteElo "2667"]
[BlackElo "2894"]
[WhiteTeam "ARG"]
[BlackTeam "IRI"]
[WhiteClock "0:00:12"]
[BlackClock "0:00:05"]

1. c4 e5 2. Nc3 Bb4 3. d3 Nf6 4. Bd2 c6 5. Nf3 Qe7 6. a3 Ba5 7. b4 Bc7 8. e4 O-O 9. g3 a5 10. b5 d5 11. exd5 cxd5 12. cxd5 Bf5 13. Bg5 Nbd7 14. Bg2 Nc5 15. O-O Bxd3 16. Re1 h6 17. Be3 Bh7 18. b6 Bd6 19. Bxc5 Bxc5 20. Nxe5 Bxf2+ 21. Kxf2 Qc5+ 22. Kf1 Qxc3 23. Qf3 Qd4 24. Qf2 Qa4 25. Kg1 Rfd8 26. Red1 Rac8 27. d6 Rc2 28. Qd4 Qb5 29. Bxb7 Qe2 30. Bf3 Qxh2+ 31. Kf1 Qh3+ 32. Kg1 Qxg3+ 33. Kf1 Bf5 34. Rd2 Rxd2 35. Qxd2 Qxe5 36. b7 Qxa1+ 37. Kf2 Qxa3 38. Qc1 Qxc1 0-1

[Event "December 12 Early 2023"]
[Site "https://www.chess.com"]
[Date "2023.12.12"]
[Round "5"]
[White "Kozak, Antoni"]
[Black "Demchenko, Anton"]
[Result "1-0"]
[Board "30"]
[TimeControl "180+1"]
[WhiteFideId "21832030"]
[BlackFideId "4160258"]
[WhiteElo "2748"]
[BlackElo "2889"]
[WhiteTeam "POL"]
[BlackTeam "SLO"]
[WhiteClock "0:00:11"]
[BlackClock "0:00:00"]

1. Nf3 Nf6 2. c4 d6 3. Nc3 e5 4. d4 Nc6 5. d5 Ne7 6. h3 Ng6 7. g4 h5 8. g5 Nd7 9. h4 Be7 10. Bh3 Nb6 11. Be3 Bxh3 12. Rxh3 Qd7 13. Rg3 Nxc4 14. Qb3 Nb6 15. a4 c6 16. Bxb6 axb6 17. Qxb6 O-O 18. Rd1 Bd8 19. Qb3 Ba5 20. Kf1 Bxc3 21. bxc3 c5 22. Ra1 b5 23. a5 Ra6 24. Nd2 Rfa8 25. Ne4 Rxa5 26. Rxa5 Rxa5 27. Kg2 Nxh4+ 28. Kh2 Ng6 29. Qb1 Ra4 30. e3 h4 31. Rg1 Kh8 32. Nd2 b4 33. cxb4 Rxb4 34. Qd3 Rg4 35. Ra1 Rxg5 36. Ne4 Rf5 37. Qe2 Kh7 38. Qg4 Ne7 39. Qxh4+ Kg8 40. Ra8+ Nc8 41. Nxd6 g6 42. Rxc8+ Qxc8 43. Nxc8 Rh5 44. Qxh5 gxh5 45. Nd6 Kf8 46. Nc4 Ke7 47. e4 f6 48. f3 Kf7 49. Kh3 Kg6 50. Kh4 Kh6 51. d6 Kg7 52. d7 Kf7 53. d8=Q Ke6 54. Qc8+ Ke7 55. Qxc5+ 1-0

[Event "December 12 Early 2023"]
[Site "https://www.chess.com"]
[Date "2023.12.12"]
[Round "5"]
[White "Galchenko, Matvey"]
[Black "Seemann, Jakub"]
[Result "1-0"]
[Board "31"]
[TimeControl "180+1"]
[WhiteFideId "24175480"]
[BlackFideId "21874697"]
[WhiteElo "2889"]
[BlackElo "2656"]
[WhiteTeam "FID"]
[BlackTeam "POL"]
[WhiteClock "0:00:57"]
[BlackClock "0:00:41"]

1. e4 c6 2. d4 d5 3. exd5 cxd5 4. Bd3 Nf6 5. h3 Nc6 6. c3 g6 7. Nf3 Bf5 8. Be2 Bg7 9. O-O O-O 10. Re1 Ne4 11. Bf4 h6 12. Nbd2 g5 13. Bh2 Bg6 14. Nxe4 dxe4 15. Nd2 Kh8 16. Qb3 Qd7 17. Bb5 f5 18. d5 Qd8 19. dxc6 bxc6 20. Bxc6 Rc8 21. Bb7 e3 22. fxe3 f4 23. Bxc8 fxe3 24. Nf1 Qxc8 25. Nxe3 Qc5 26. Rad1 Be4 27. Qc4 1-0

[Event "December 12 Early 2023"]
[Site "https://www.chess.com"]
[Date "2023.12.12"]
[Round "5"]
[White "Szpar, Milosz"]
[Black "Agibileg, Uurtsaikh"]
[Result "1-0"]
[Board "32"]
[TimeControl "180+1"]
[WhiteFideId "1184989"]
[BlackFideId "4901606"]
[WhiteElo "2872"]
[BlackElo "2654"]
[WhiteTeam "POL"]
[BlackTeam "MGL"]
[WhiteClock "0:00:09"]
[BlackClock "0:00:00"]

1. e4 e5 2. Nf3 Nc6 3. Nc3 Nf6 4. Bb5 Nd4 5. O-O Nxb5 6. Nxb5 d6 7. d4 exd4 8. Nfxd4 Be7 9. Re1 O-O 10. c4 Re8 11. Nc3 Nd7 12. Be3 Bf6 13. h3 Nc5 14. Qc2 a5 15. Rad1 g6 16. Ndb5 Bd7 17. Nd5 Bxb5 18. cxb5 Nxe4 19. Nxc7 Rc8 20. b6 d5 21. Qa4 Re5 22. Bf4 Nc5 23. Qxa5 Rxe1+ 24. Rxe1 Ne6 25. Nxe6 fxe6 26. Rxe6 Bxb2 27. Rd6 Qf8 28. Qxd5+ Kh8 29. Be5+ Bxe5 30. Qxe5+ Kg8 31. Qd5+ Kh8 32. Qd4+ Kg8 33. Kh2 Re8 34. Rd7 Re6 35. Rd8 Re8 36. Qd5+ Kg7 37. Rxe8 Qxe8 38. Qxb7+ Kh6 39. Qc7 1-0

[Event "December 12 Early 2023"]
[Site "https://www.chess.com"]
[Date "2023.12.12"]
[Round "5"]
[White "Xu, Yi"]
[Black "Omelja, Artem"]
[Result "1-0"]
[Board "33"]
[TimeControl "180+1"]
[WhiteFideId "8605564"]
[BlackFideId "14119846"]
[WhiteElo "2855"]
[BlackElo "2646"]
[WhiteTeam "CHN"]
[BlackTeam "UKR"]
[WhiteClock "0:00:59"]
[BlackClock "0:00:00"]

1. e4 c5 2. Nf3 e6 3. d4 cxd4 4. Nxd4 Nf6 5. Nc3 Nc6 6. Nxc6 bxc6 7. e5 Nd5 8. Ne4 Qc7 9. f4 Qb6 10. c4 Bb4+ 11. Ke2 Ba6 12. Kf3 f5 13. exf6 Nxf6 14. c5 Qa5 15. Nd6+ Ke7 16. Bxa6 Qxa6 17. Be3 Rhf8 18. Qd4 Ba5 19. Rad1 Bc7 20. a3 Rab8 21. Rhe1 Rbd8 22. f5 Bxd6 23. Qxd6+ Kf7 24. Bd4 Rfe8 25. Bxf6 gxf6 26. fxe6+ dxe6 27. Qc7+ Kg6 28. Rxd8 Rxd8 29. Qxd8 Qc4 30. Qg8+ Kf5 31. g4+ 1-0

[Event "December 12 Early 2023"]
[Site "https://www.chess.com"]
[Date "2023.12.12"]
[Round "5"]
[White "Golubev, Mikhail"]
[Black "Corrales Jimenez, Fidel"]
[Result "1-0"]
[Board "34"]
[TimeControl "180+1"]
[WhiteFideId "14100983"]
[BlackFideId "3506690"]
[WhiteElo "2645"]
[BlackElo "2853"]
[WhiteTeam "UKR"]
[BlackTeam "USA"]
[WhiteClock "0:00:03"]
[BlackClock "0:00:01"]

1. e4 d5 2. exd5 Qxd5 3. Nf3 Nf6 4. d4 c6 5. Be2 Bf5 6. O-O e6 7. c4 Qa5 8. a3 Be7 9. Nc3 O-O 10. Bf4 h6 11. b4 Qd8 12. Qb3 Nbd7 13. Rad1 a5 14. Ne5 axb4 15. axb4 Qb6 16. c5 Qa7 17. Nc4 Nd5 18. Bd6 Bxd6 19. Nxd6 Bg6 20. Nxd5 exd5 21. f4 Nf6 22. f5 Bh7 23. Qg3 Kh8 24. b5 cxb5 25. Bxb5 b6 26. c6 Rad8 27. Nb7 Rc8 28. Rc1 Ne4 29. Qf4 Qa3 30. c7 Qb2 31. Bd7 Nc3 32. Kh1 b5 33. Bxc8 Rxc8 34. f6 g5 35. Qd6 Bf5 36. Qd8+ Kh7 37. Nd6 Ne2 38. Nxf5 Nf4 39. Ne3 Rxc7 40. Qxc7 Qe2 41. Qxf7+ Kh8 42. Qg7# 1-0

[Event "December 12 Early 2023"]
[Site "https://www.chess.com"]
[Date "2023.12.12"]
[Round "5"]
[White "Renjith, Sravan"]
[Black "Putnam, Liam"]
[Result "0-1"]
[Board "35"]
[TimeControl "180+1"]
[WhiteFideId "4306783"]
[BlackFideId "30938279"]
[WhiteElo "2643"]
[BlackElo "2842"]
[WhiteTeam "NZL"]
[BlackTeam "USA"]
[WhiteClock "0:00:05"]
[BlackClock "0:00:12"]

1. e4 c5 2. Nf3 e6 3. c3 Nf6 4. e5 Nd5 5. d4 cxd4 6. cxd4 Nc6 7. Nc3 Nxc3 8. bxc3 d6 9. exd6 Bxd6 10. Bd3 h6 11. O-O O-O 12. Qe2 Re8 13. Qe4 f5 14. Qe2 Kh8 15. Ne5 Nxe5 16. dxe5 Bc5 17. Be3 Bxe3 18. Qxe3 Qc7 19. Bb5 Re7 20. Rad1 a6 21. Ba4 b5 22. Bb3 Bb7 23. Rd6 Rd8 24. Rfd1 Red7 25. Qd4 Bd5 26. Bxd5 Rxd6 27. exd6 Rxd6 28. Qe5 Qd8 29. c4 bxc4 30. h4 Rxd5 31. Rxd5 Qxd5 32. Qb8+ Kh7 33. Qc8 Qd1+ 34. Kh2 Qg4 35. g3 Qd4 36. Kg1 Qd1+ 37. Kh2 Qe2 38. Kg1 f4 39. gxf4 Qg4+ 40. Kf1 Qxf4 41. Qxe6 c3 42. Qc8 Qe5 43. h5 a5 44. Qc6 Qxh5 45. Qxc3 Qd1+ 46. Kg2 Qd5+ 47. f3 Qxa2+ 48. Kg3 Qd5 49. Qc2+ Kg8 50. Qc8+ Kf7 51. Qc7+ Kf6 52. Qb6+ Qe6 53. Qd8+ Qe7 54. Qb6+ Kf5 55. Qb1+ Ke6 56. Qb3+ Kf6 57. Qb6+ Qe6 58. Qd8+ Kg6 59. Qd3+ Qf5 60. Qa6+ Kh7 61. Qc4 h5 62. Kg2 Qg5+ 63. Kf2 h4 64. Qd3+ Qg6 65. Qc4 Qg3+ 66. Ke2 Qe5+ 67. Kf1 Qf6 68. Kf2 Kh6 69. Qg4 Qg5 70. Qe6+ Qg6 71. Qe3+ Kh7 72. Qf4 Qg3+ 73. Qxg3 hxg3+ 74. Kxg3 a4 75. Kf2 a3 76. Ke3 a2 0-1

[Event "December 12 Early 2023"]
[Site "https://www.chess.com"]
[Date "2023.12.12"]
[Round "5"]
[White "Ovetchkin, Roman"]
[Black "Finek, Vaclav"]
[Result "0-1"]
[Board "36"]
[TimeControl "180+1"]
[WhiteFideId "4119991"]
[BlackFideId "23718293"]
[WhiteElo "2641"]
[BlackElo "2841"]
[WhiteTeam "RUS"]
[BlackTeam "CZE"]
[WhiteClock "0:00:03"]
[BlackClock "0:00:10"]

1. d4 d5 2. c4 c6 3. Nf3 Nf6 4. Qc2 g6 5. Bf4 Bg7 6. e3 O-O 7. Nc3 c5 8. dxc5 Qa5 9. Qa4 Qxa4 10. Nxa4 Ne4 11. cxd5 Bd7 12. Bd3 f5 13. c6 bxc6 14. Ne5 cxd5 15. Nxd7 Nxd7 16. Bb5 Nb6 17. Nxb6 axb6 18. Bc6 Ra5 19. Rd1 e6 20. f3 Nc5 21. O-O Rxa2 22. b4 Na6 23. Bd7 Kf7 24. e4 Nxb4 25. exf5 exf5 26. Rfe1 Bc3 27. Re6 Rfa8 28. Rxb6 Ra1 29. Be6+ Ke8 30. Rxa1 Rxa1+ 31. Kf2 Bd4+ 32. Be3 Bxb6 33. Bxb6 Ra6 34. Bc5 Nd3+ 35. Ke3 Nxc5 36. Bxd5 Rd6 37. Kd4 Nd7 0-1

[Event "December 12 Early 2023"]
[Site "https://www.chess.com"]
[Date "2023.12.12"]
[Round "5"]
[White "Vakhlamov, Igor L."]
[Black "Dobrikov, Marco"]
[Result "1-0"]
[Board "37"]
[TimeControl "180+1"]
[WhiteFideId "24126748"]
[BlackFideId "12950378"]
[WhiteElo "2839"]
[BlackElo "2634"]
[WhiteTeam "RUS"]
[BlackTeam "GER"]
[WhiteClock "0:00:04"]
[BlackClock "0:00:08"]

1. e4 e5 2. Nf3 Nf6 3. Nc3 Nc6 4. Bb5 d6 5. d4 exd4 6. Nxd4 Bd7 7. Bxc6 bxc6 8. Qf3 c5 9. Nf5 g6 10. Nh6 Be7 11. Bg5 Bc6 12. O-O Kf8 13. Rad1 Kg7 14. Rfe1 Rf8 15. Qg3 Nh5 16. Nf5+ gxf5 17. Bf6+ Kxf6 18. e5+ dxe5 19. Qxe5+ Kg6 20. Rxd8 Raxd8 21. Qxc7 Bxg2 22. Rxe7 Bf3 23. Re3 Ba8 24. Qxc5 f4 25. Re5 f5 26. Re6+ Nf6 27. Qe7 Rb8 28. Qxa7 Rbd8 29. Qe7 Rb8 30. b3 Rf7 31. Qd6 Rg8 32. Kf1 Bf3 33. Ne2 Kg5 34. Qxf4+ Kg6 35. Qxf3 Kg7 36. Nf4 Rd8 37. Nh5+ Nxh5 38. Qxh5 Rfd7 39. Qg5+ Kh8 40. Qf6+ Kg8 41. Qxf5 Rf7 42. Rf6 Re7 43. Qg5+ Rg7 44. Qf5 Rd1+ 45. Ke2 Rd8 46. Qe6+ Kh8 47. Rf7 Rgg8 48. Qf6+ Rg7 49. Qxg7# 1-0

[Event "December 12 Early 2023"]
[Site "https://www.chess.com"]
[Date "2023.12.12"]
[Round "5"]
[White "Skliarov, Viktor"]
[Black "Materia, Marco"]
[Result "0-1"]
[Board "38"]
[TimeControl "180+1"]
[WhiteFideId "14106736"]
[BlackFideId "45150451"]
[WhiteElo "2641"]
[BlackElo "2829"]
[WhiteTeam "UKR"]
[BlackTeam "FRA"]
[WhiteClock "0:00:06"]
[BlackClock "0:00:29"]

1. e4 c5 2. Nf3 e6 3. d4 cxd4 4. Nxd4 Nc6 5. Nc3 Qc7 6. Be2 a6 7. O-O Nf6 8. Be3 Be7 9. f4 d6 10. Kh1 O-O 11. Qe1 Nxd4 12. Bxd4 b5 13. a3 Bb7 14. Qg3 Rad8 15. Rad1 Bc6 16. Bd3 Qb7 17. e5 dxe5 18. Bxe5 a5 19. Rde1 Ne8 20. Ne4 f6 21. Bc3 b4 22. axb4 axb4 23. Bd2 b3 24. Bc3 Bb5 25. Qh3 f5 26. Bxb5 Qxb5 27. Ng5 Bxg5 28. fxg5 bxc2 29. Qe3 Nc7 30. Rc1 Nd5 31. Qe5 Nxc3 32. Qxc3 Rc8 33. Qd2 Rfd8 34. Qf2 Qxb2 35. h4 Qxc1 36. Rxc1 Rd1+ 37. Qg1 Rxg1+ 38. Kxg1 Kf7 39. Kf2 Kg6 40. Ke3 e5 41. Kd2 Kh5 42. g3 Kg4 43. Rxc2 Rxc2+ 44. Kxc2 Kxg3 45. h5 Kg4 46. h6 g6 0-1

[Event "December 12 Early 2023"]
[Site "https://www.chess.com"]
[Date "2023.12.12"]
[Round "5"]
[White "Yeremyan, Alen"]
[Black "Skatchkov, Valery"]
[Result "1-0"]
[Board "39"]
[TimeControl "180+1"]
[WhiteFideId "13308998"]
[BlackFideId "24195812"]
[WhiteElo "2826"]
[BlackElo "2631"]
[WhiteTeam "ARM"]
[BlackTeam "RUS"]
[WhiteClock "0:02:08"]
[BlackClock "0:00:58"]

1. e4 e5 2. Nf3 d5 3. exd5 e4 4. Qe2 Nf6 5. d3 Qxd5 6. Nc3 Bb4 7. Bd2 Bxc3 8. Bxc3 O-O 9. dxe4 Nxe4 10. Qd3 Nxc3 11. Qxc3 Re8+ 12. Be2 Nc6 13. Rd1 Qxa2 14. O-O Be6 15. Bb5 Rad8 16. Ra1 Qd5 17. Bxc6 Qxc6 18. Qxc6 bxc6 19. Rxa7 Rd2 20. Nxd2 1-0

[Event "December 12 Early 2023"]
[Site "https://www.chess.com"]
[Date "2023.12.12"]
[Round "5"]
[White "Koelle, Tobias"]
[Black "Principe, Gerson"]
[Result "1/2-1/2"]
[Board "40"]
[TimeControl "180+1"]
[WhiteFideId "16207378"]
[BlackFideId "3804550"]
[WhiteElo "2826"]
[BlackElo "2614"]
[WhiteTeam "GER"]
[BlackTeam "PER"]
[WhiteClock "0:02:18"]
[BlackClock "0:02:07"]

1. d4 Nf6 2. Nc3 d5 3. Bf4 e6 4. Nb5 Na6 5. e3 c6 6. Nc3 Bd6 7. Bxd6 Qxd6 8. Bxa6 bxa6 9. Na4 Nd7 10. Qd3 Rb8 11. Qc3 e5 12. Ne2 O-O 13. Nc1 exd4 14. exd4 Re8+ 15. Kd1 1/2-1/2

[Event "December 12 Early 2023"]
[Site "https://www.chess.com"]
[Date "2023.12.12"]
[Round "5"]
[White "Miladinovic, Igor"]
[Black "Al-Tarboush, Ward"]
[Result "1-0"]
[Board "41"]
[TimeControl "180+1"]
[WhiteFideId "4203380"]
[BlackFideId "7601450"]
[WhiteElo "2820"]
[BlackElo "2614"]
[WhiteTeam "SRB"]
[BlackTeam "NOR"]
[WhiteClock "0:00:29"]
[BlackClock "0:00:00"]

1. d4 Nf6 2. Bg5 b6 3. Bxf6 exf6 4. e3 Bb7 5. Nf3 Be7 6. g3 O-O 7. Bg2 f5 8. O-O d6 9. c4 Nd7 10. Nc3 Bf6 11. Ne1 Bxg2 12. Nxg2 g6 13. Qf3 Bg7 14. Rad1 Nf6 15. Nf4 Re8 16. b4 a5 17. b5 a4 18. a3 Ne4 19. Ncd5 Qd7 20. h4 h5 21. Nd3 Kh8 22. Kg2 Ra7 23. N3b4 Raa8 24. Qf4 Rac8 25. f3 Nf6 26. Nxf6 Bxf6 27. e4 Bg7 28. exf5 Re2+ 29. Rf2 Rxf2+ 30. Kxf2 Re8 31. Nd5 c6 32. bxc6 Qxc6 33. f6 Bf8 34. Qc1 b5 35. Nb4 Qc8 36. cxb5 Qh3 37. Rh1 Qf5 38. b6 Kh7 39. Re1 Rc8 40. Qf4 Qh3 41. Rg1 Bh6 42. Qe4 Qh2+ 43. Rg2 Qh1 44. Qe1 Qxe1+ 45. Kxe1 Rb8 46. Nd5 Bc1 47. Ra2 Kg8 48. Kd1 Bh6 49. Re2 Kf8 50. f4 1-0

[Event "December 12 Early 2023"]
[Site "https://www.chess.com"]
[Date "2023.12.12"]
[Round "5"]
[White "Lund, Gunnar"]
[Black "Mikhailovsky, Vladimir"]
[Result "1-0"]
[Board "42"]
[TimeControl "180+1"]
[WhiteFideId "1520814"]
[BlackFideId "34105414"]
[WhiteElo "2613"]
[BlackElo "2810"]
[WhiteTeam "NOR"]
[BlackTeam "RUS"]
[WhiteClock "0:01:17"]
[BlackClock "0:00:00"]

1. d4 Nf6 2. c4 e6 3. g3 c5 4. d5 exd5 5. cxd5 d6 6. Nc3 g6 7. Bg2 Bg7 8. Nf3 O-O 9. O-O Re8 10. Re1 Bf5 11. Nd2 Qd7 12. e4 Bh3 13. Bh1 Na6 14. a4 Nb4 15. Nc4 Ng4 16. Bf4 Bd4 17. Re2 Ne5 18. Nxe5 dxe5 19. Be3 Rad8 20. f3 h5 21. Bf2 Qe7 22. Qd2 Qf6 23. Nb5 Bxf2+ 24. Rxf2 a6 25. Nc3 Nc6 26. Qe3 Nd4 27. f4 b5 28. Rd1 Rd7 29. Bg2 Bxg2 30. Kxg2 Ra8 31. Rdf1 Rb8 32. axb5 axb5 33. Nd1 Re8 34. Qd3 c4 35. Qe3 Nb3 36. Nc3 exf4 37. gxf4 Qd4 38. Qxd4 Nxd4 39. Rd1 Nb3 40. e5 b4 41. Ne4 Kg7 42. Nf6 Red8 43. Nxd7 Rxd7 44. Rc2 Nc5 45. Rxc4 Na4 46. Rxb4 Nc5 47. Rc4 Na6 48. d6 Rb7 49. d7 Rxb2+ 50. Kg1 Nc7 51. d8=Q Ne6 52. Qf6+ Kh6 53. Rc8 1-0

[Event "December 12 Early 2023"]
[Site "https://www.chess.com"]
[Date "2023.12.12"]
[Round "5"]
[White "Saravana, Krishnan P."]
[Black "Klukin, Kirill"]
[Result "1/2-1/2"]
[Board "43"]
[TimeControl "180+1"]
[WhiteFideId "5018382"]
[BlackFideId "24199273"]
[WhiteElo "2600"]
[BlackElo "2807"]
[WhiteTeam "IND"]
[BlackTeam "RUS"]
[WhiteClock "0:00:12"]
[BlackClock "0:00:01"]

1. e4 c5 2. Nf3 Nc6 3. Bb5 g6 4. Bxc6 bxc6 5. O-O Bg7 6. Re1 Nh6 7. c3 O-O 8. d4 cxd4 9. cxd4 d6 10. h3 f6 11. Nc3 Nf7 12. Be3 f5 13. Qc2 Rb8 14. e5 Qa5 15. exd6 exd6 16. Rac1 Be6 17. b3 Rfe8 18. Na4 Bd5 19. Nd2 Rbc8 20. Nc3 Be6 21. Nc4 Qa6 22. Ne2 Bd5 23. Nf4 Qb7 24. Qd2 Bxc4 25. bxc4 Ng5 26. f3 Ne6 27. Ne2 d5 28. Bf2 Qa6 29. Qc2 Red8 30. c5 Re8 31. Rb1 Rb8 32. Kh2 h6 33. Qd2 Rxb1 34. Rxb1 Qc8 35. Bg3 Qd7 36. Nf4 Nxd4 37. Nxg6 Re2 38. Qf4 Qe6 39. Rb8+ Kh7 40. Nf8+ Bxf8 41. Rxf8 Qe7 42. Rxf5 Nxf5 43. Qxf5+ Kg8 44. Qg4+ Qg7 45. Qc8+ Kh7 46. Qxc6 Qf7 47. Qd6 Qxf3 48. Qd7+ Kg6 49. Qd6+ Kh7 50. Qd7+ Kg8 51. Qc8+ Kf7 52. Qd7+ Kg6 53. Qd6+ Kh7 1/2-1/2

[Event "December 12 Early 2023"]
[Site "https://www.chess.com"]
[Date "2023.12.12"]
[Round "5"]
[White "Assylov, Miras"]
[Black "Dragnev, Valentin"]
[Result "0-1"]
[Board "44"]
[TimeControl "180+1"]
[WhiteFideId "13728873"]
[BlackFideId "1634852"]
[WhiteElo "2597"]
[BlackElo "2800"]
[WhiteTeam "KAZ"]
[BlackTeam "AUT"]
[WhiteClock "0:00:00"]
[BlackClock "0:00:14"]

1. b3 e5 2. Bb2 Nc6 3. e3 g6 4. d4 exd4 5. exd4 d5 6. Nf3 Bg7 7. Be2 Nf6 8. O-O O-O 9. Nbd2 Re8 10. Re1 Ne4 11. Nf1 Bg4 12. Ne3 Bxf3 13. Bxf3 f5 14. a3 Qd7 15. Qd3 Rad8 16. Rad1 a6 17. Re2 Qf7 18. Rde1 Re7 19. Nf1 Qf6 20. c3 Rde8 21. a4 Qf7 22. Ba3 Re6 23. Ne3 Qd7 24. Bb2 Bf6 25. Nf1 Kg7 26. g3 h5 27. Bg2 h4 28. Nd2 Nd8 29. Nf3 hxg3 30. hxg3 Nf7 31. c4 c6 32. c5 R8e7 33. Bc1 Qe8 34. Bf4 Nxc5 35. dxc5 Rxe2 36. Rxe2 Rxe2 37. Be3 Ra2 38. Nd4 Ne5 39. Qb1 Ng4 40. Qxa2 Nxe3 41. Nf3 Nxg2 42. Kxg2 Qe4 43. Qd2 g5 44. g4 fxg4 45. Qb4 gxf3+ 46. Kg3 Qxb4 0-1

[Event "December 12 Early 2023"]
[Site "https://www.chess.com"]
[Date "2023.12.12"]
[Round "5"]
[White "Flores Quillas, Diego Saul Rodri"]
[Black "Lysyj, Igor"]
[Result "0-1"]
[Board "45"]
[TimeControl "180+1"]
[WhiteFideId "3822508"]
[BlackFideId "4150120"]
[WhiteElo "2586"]
[BlackElo "2798"]
[WhiteTeam "PER"]
[BlackTeam "FID"]
[WhiteClock "0:00:04"]
[BlackClock "0:00:12"]

1. d4 d5 2. Bf4 Nf6 3. e3 Bf5 4. Nd2 e6 5. Ngf3 Nbd7 6. h3 h6 7. Bd3 Bxd3 8. cxd3 Be7 9. O-O O-O 10. Rc1 c5 11. dxc5 Nxc5 12. Qe2 Qb6 13. d4 Ncd7 14. Rc2 Rac8 15. Rfc1 Rxc2 16. Rxc2 a5 17. a4 Bb4 18. Bc7 Qa6 19. Qxa6 bxa6 20. Bf4 Nb6 21. b3 Rc8 22. Rxc8+ Nxc8 23. Kf1 g5 24. Bh2 Ne7 25. Ke2 Nc6 26. Ne1 Nd7 27. Bc7 f5 28. Nd3 Kf7 29. g4 Kg6 30. Nf1 Nf6 31. f3 f4 32. Ne5+ Nxe5 33. dxe5 Nd7 34. exf4 gxf4 35. h4 Nc5 36. Nd2 Bxd2 37. Kxd2 Nxb3+ 38. Kc3 Nc5 39. Bd6 Nxa4+ 40. Kd4 h5 41. g5 Nb2 42. Ba3 Nc4 43. Bc1 a4 44. Bxf4 a3 45. Kc3 a5 0-1

[Event "December 12 Early 2023"]
[Site "https://www.chess.com"]
[Date "2023.12.12"]
[Round "5"]
[White "Dragun, Kamil"]
[Black "Belov, Alexei"]
[Result "1-0"]
[Board "46"]
[TimeControl "180+1"]
[WhiteFideId "1134167"]
[BlackFideId "4128206"]
[WhiteElo "2793"]
[BlackElo "2585"]
[WhiteTeam "POL"]
[BlackTeam "RUS"]
[WhiteClock "0:00:09"]
[BlackClock "0:00:01"]

1. d4 d5 2. c4 e6 3. Nf3 Nf6 4. Nc3 Be7 5. Bf4 O-O 6. e3 Nbd7 7. c5 c6 8. h3 b6 9. b4 a5 10. a3 h6 11. Bd3 Ba6 12. O-O Qc8 13. Rc1 Bxd3 14. Qxd3 Qb7 15. Ne5 axb4 16. axb4 Ra3 17. b5 Nxe5 18. dxe5 Ne4 19. bxc6 Qxc6 20. Nxd5 Bxc5 21. Ne7+ Bxe7 22. Qxa3 Bc5 23. Qd3 g5 24. Bh2 Qd5 25. Qxd5 exd5 26. Rfd1 Rd8 27. Rd3 Bb4 28. Rb1 Bc5 29. Rbd1 Ra8 30. Rxd5 Ra2 31. Bg3 Nxg3 32. fxg3 Bxe3+ 33. Kh2 h5 34. Rd7 Rf2 35. e6 fxe6 36. Re1 Bc5 37. Rxe6 h4 38. Re8+ Rf8 39. Rxf8+ Kxf8 40. g4 Bf2 41. Rb7 Ke8 42. Rg7 Be3 43. g3 hxg3+ 44. Kxg3 Kd8 45. Kf3 Bd2 46. Ke4 Kc8 47. Kd5 Be3 48. Kc6 Kd8 49. Kd5 Kc8 50. Ke4 Bd2 51. Kf5 b5 52. Ke4 b4 53. Kd3 Bf4 54. Kc4 Bd2 55. Kb3 Kd8 56. Rf7 Kc8 57. Kc4 Kd8 58. Kd3 Bc3 59. Rf5 Ba1 60. Rxg5 Kc7 61. Rf5 Kc6 62. g5 b3 63. g6 b2 64. Kc2 Kd6 65. Kb1 1-0

[Event "December 12 Early 2023"]
[Site "https://www.chess.com"]
[Date "2023.12.12"]
[Round "5"]
[White "Yuan, Qingyu"]
[Black "Yelisieiev, Yevhenii"]
[Result "1/2-1/2"]
[Board "47"]
[TimeControl "180+1"]
[WhiteFideId "8609772"]
[BlackFideId "14139642"]
[WhiteElo "2791"]
[BlackElo "2572"]
[WhiteTeam "CHN"]
[BlackTeam "GER"]
[WhiteClock "0:00:08"]
[BlackClock "0:00:04"]

1. e4 d6 2. d4 Nf6 3. Nc3 e5 4. Nf3 Nbd7 5. Rg1 c6 6. g4 h6 7. Be3 b5 8. a3 Bb7 9. h4 h5 10. gxh5 Rxh5 11. Qd2 a5 12. dxe5 dxe5 13. Be2 b4 14. Na4 Nxe4 15. Qd1 bxa3 16. bxa3 Ndc5 17. Nxc5 Bxc5 18. Ng5 Bxe3 19. Nxe4 Qxh4 20. Qd3 Bd4 21. Bxh5 Qxh5 22. c3 Ba6 23. Qd1 Qf5 24. Qg4 Qxg4 25. Rxg4 Ba7 26. Rxg7 Kf8 27. Rh7 Ke7 28. O-O-O Bc4 29. Nd6 Bd5 30. Nf5+ Ke6 31. Ne3 Bxe3+ 32. fxe3 Rb8 33. Rh6+ Ke7 34. e4 Be6 35. Kd2 Rb2+ 36. Kd3 Rb3 37. Rh5 Bg4 38. Rxe5+ Kf6 39. Rg1 Kxe5 40. Rxg4 Rxa3 41. Rg5+ Ke6 42. Rc5 Kd6 43. Rf5 Ke6 44. Rc5 Kd6 45. Rf5 Ke6 46. Rc5 1/2-1/2

[Event "December 12 Early 2023"]
[Site "https://www.chess.com"]
[Date "2023.12.12"]
[Round "5"]
[White "Zimmermann, Ulrich"]
[Black "Alexandre, Anne Shopie Elizabeth"]
[Result "0-1"]
[Board "48"]
[TimeControl "180+1"]
[WhiteFideId "24654523"]
[BlackFideId "11902418"]
[WhiteElo "2548"]
[BlackElo "2788"]
[WhiteTeam "GER"]
[BlackTeam "HAI"]
[WhiteClock "0:00:02"]
[BlackClock "0:01:17"]

1. Nf3 Nf6 2. g3 b5 3. Bg2 Bb7 4. O-O e6 5. a4 b4 6. c3 a5 7. d4 c5 8. Nbd2 Na6 9. Re1 Be7 10. e4 bxc3 11. bxc3 cxd4 12. cxd4 O-O 13. Ba3 Bxa3 14. Rxa3 Nb4 15. e5 Nfd5 16. Nc4 Nb6 17. Nd6 Bd5 18. h4 Nc4 19. Nxc4 Bxc4 20. Ng5 Rc8 21. Be4 h6 22. Nh7 Re8 23. Qh5 Bd5 24. Nf6+ gxf6 25. Rf3 f5 26. Qxh6 Qe7 27. Rf4 f6 28. exf6 Qh7 29. Qg5+ Kf7 30. Rxf5 exf5 31. Bxd5+ Nxd5 0-1

[Event "December 12 Early 2023"]
[Site "https://www.chess.com"]
[Date "2023.12.12"]
[Round "5"]
[White "Asish Panda"]
[Black "Gan-Erdene, Sugar"]
[Result "0-1"]
[Board "49"]
[TimeControl "180+1"]
[WhiteFideId "45012458"]
[BlackFideId "4902980"]
[WhiteElo "2548"]
[BlackElo "2784"]
[WhiteTeam "IND"]
[BlackTeam "MGL"]
[WhiteClock "0:00:03"]
[BlackClock "0:00:29"]

1. e4 c5 2. Nf3 d6 3. d4 cxd4 4. Qxd4 Nf6 5. e5 Nc6 6. Bb5 dxe5 7. Qxd8+ Kxd8 8. Bxc6 bxc6 9. Nxe5 Ke8 10. Nc3 e6 11. Be3 Bb7 12. O-O-O Nd5 13. Bd4 c5 14. Nxd5 Bxd5 15. Bc3 Bxg2 16. Rhe1 f6 17. Nc4 e5 18. f4 e4 19. f5 Rd8 20. Rxd8+ Kxd8 21. Nd2 Bd6 22. Nxe4 Bxe4 23. Rxe4 Bxh2 24. Rg4 Be5 25. Bxe5 fxe5 26. Rxg7 h5 27. f6 Ke8 28. Re7+ Kf8 29. Rxe5 h4 30. Kd2 h3 31. Re1 Kf7 32. Ke3 h2 33. Rh1 Kxf6 34. Kf4 Ke6 35. c4 a5 36. b3 Kd6 37. Kg3 Ke5 38. a3 Kd4 39. Kg2 Kc3 40. Rc1+ Kxb3 41. Kh1 Kxa3 42. Rd1 Kb3 43. Ra1 a4 0-1

[Event "December 12 Early 2023"]
[Site "https://www.chess.com"]
[Date "2023.12.12"]
[Round "5"]
[White "Sroczynski, Maciej"]
[Black "Mamedov, Edgar"]
[Result "0-1"]
[Board "50"]
[TimeControl "180+1"]
[WhiteFideId "1121472"]
[BlackFideId "13739980"]
[WhiteElo "2530"]
[BlackElo "2783"]
[WhiteTeam "POL"]
[BlackTeam "KAZ"]
[WhiteClock "0:01:00"]
[BlackClock "0:00:05"]

1. d4 d5 2. c4 e6 3. Nf3 Nf6 4. Nc3 c6 5. cxd5 exd5 6. Bg5 Be7 7. Qc2 O-O 8. e3 Bg4 9. Ne5 Nbd7 10. Bd3 Nxe5 11. dxe5 Nd7 12. Bxh7+ Kh8 13. Bf4 g6 14. Bxg6 fxg6 15. Qxg6 Bf5 16. Qh6+ Bh7 17. O-O-O Qe8 18. e4 Qg6 19. Qxg6 Bxg6 20. Bg3 Nc5 21. exd5 Nd3+ 22. Kd2 Nxb2 23. Rb1 Nc4+ 24. Ke2 Bxb1 25. Rxb1 cxd5 26. Rxb7 Bg5 27. Nxd5 Rad8 28. Rb5 Nb6 29. Nxb6 axb6 30. f4 Bxf4 31. Bh4 Rd2+ 32. Kf3 Bxe5+ 33. Ke4 Rf4+ 34. Kxe5 Rxh4 35. Rxb6 Rh5+ 36. Kf4 Rxg2 37. Rb8+ Kh7 38. Rb7+ Rg7 39. Rb2 Ra5 40. h4 Rga7 41. Rb6 Ra4+ 42. Kg5 R7a5+ 43. Kf6 Ra6 44. Rxa6 Rxa6+ 0-1